Map: [ESL] Hecate

Players

Scarlett

  • Race: Zerg Zerg
  • Spawn Location: 7:00

Astrea - Winner!

  • Race: Protoss Protoss
  • Spawn Location: 1:00

Event: ESL SC2 Masters 2023 Winter (Regional)

VOD

Have the link to the VOD?

Description

Time

  • Played on: Nov. 12, 2023, 3:47 p.m.
  • Length: 10:03

All games in this series

Show
View Real Time Build Order
Export as new Build Order

Scarlett Zerg 

Build Orders: Hatch First 

Get SALT Encoding   

  12  0:01  Drone  
  13  0:12  Overlord  
  13  0:17  Drone  
  14  0:30  Drone x2  
  16  0:42  Drone  
  17  0:51  Hatchery  
  17  0:55  Drone  
  17  0:58  Drone  
  17  1:02  Extractor  
  17  1:08  Drone  
  18  1:16  Spawning Pool  
  17  1:19  Drone  
  18  1:27  Drone  
  19  1:38  Drone  
  20  1:49  Overlord  
  20  2:02  Queen  
  20  2:04  Zergling x2, Drone, Queen  
  26  2:08  Metabolic Boost  
  26  2:14  Zergling x2, Drone  
  28  2:22  Drone  
  29  2:28  Drone  
  30  2:42  Hatchery  
  29  2:45  Queen  
  29  2:46  Drone  
  29  2:47  Drone  
  29  2:50  Overlord  
  33  2:53  Zergling x2  
  34  3:01  Drone x2  
  36  3:11  Queen, Overlord  
  36  3:12  Drone x2  
  40  3:17  Drone x2  
  42  3:20  Drone x2  
  44  3:29  Overlord  
  44  3:32  Drone  
  44  3:33  Drone x2  
  47  3:36  Queen  
  47  3:40  Overlord  
  49  3:48  Zergling x8  
  53  3:52  Roach Warren  
  52  3:58  Zergling x8  
  52  4:02  Overlord  
  56  4:14  Zergling x8  
  60  4:20  Overlord x2  
  60  4:23  Zergling x10  
  65  4:27  Zergling x2  
  65  4:28  Overlord  
  66  4:34  Roach x3  
  66  4:37  Roach  
  74  4:48  Roach x2  
  74  4:49  Roach  
  80  4:55  Zergling x14  
  87  5:05  Roach  
  87  5:06  Overlord  
  89  5:10  Drone x6  
  95  5:19  Spore Crawler  
  94  5:21  Spore Crawler  
  92  5:32  Spore Crawler  
  87  5:40  Drone x8  
  89  5:46  Drone x2  
  87  5:52  Drone x2  
  87  5:55  Drone x2  
  90  6:04  Drone  
  90  6:05  Drone x4  
  90  6:06  Drone  
  95  6:14  Drone x2  
  95  6:17  Drone x2  
  95  6:18  Drone x3  
  102  6:20  Drone  
  102  6:35  Extractor x2  
  102  6:37  Drone x7  
  105  6:43  Lair, Overlord  
  105  6:47  Overlord x2  
  105  7:00  Evolution Chamber  
  104  7:03  Drone x8  
  104  7:06  Extractor x2, Drone  
  104  7:07  Extractor  
  110  7:10  Baneling Nest  
  110  7:14  Drone x11  
  120  7:17  Drone  
  120  7:30  Roach x3  
  120  7:37  Roach x2  
  126  7:42  Roach x5  
  126  7:43  Zerg Missile Weapons Level 1  
  126  7:46  Glial Reconstitution  
  126  7:47  Overseer  
  117  7:55  Roach x7  
  127  8:04  Drone x2  
  126  8:06  Drone x2  
  126  8:07  Centrifugal Hooks  
  128  8:14  Overlord x6  
  128  8:16  Drone  
  125  8:36  Roach  
  125  8:37  Roach x7  
  125  8:39  Roach x3  
  147  8:42  Zergling x4  
  153  8:48  Zergling x10  
  154  9:06  Zergling x8, Ravager x7  
  165  9:14  Zergling x14, Overlord  
  172  9:21  Baneling x10  
  172  9:23  Hatchery  
  171  9:24  Baneling x4  
  171  9:26  Baneling  
  167  9:32  Zergling x10  
  167  9:34  Baneling x3  
  167  9:40  Zergling x8  
  171  9:46  Zergling x8  
Show
View Real Time Build Order
Export as new Build Order

Astrea Protoss - Winner!

Build Orders: 1 Gate Expand, Mass Adepts, Dark Templar Rush 

Get SALT Encoding   

  12  0:00  Probe  
  13  0:12  Probe  
  14  0:19  Pylon  
  14  0:24  Probe  
  15  0:37  Probe (Chrono Boost)  
  15  0:38  Gateway  
  16  0:47  Probe (Chrono Boost)  
  16  0:49  Assimilator  
  17  0:52  Probe (Chrono Boost)  
  18  1:03  Probe  
  19  1:17  Probe  
  20  1:24  Nexus  
  20  1:29  Probe  
  21  1:38  Cybernetics Core  
  21  1:43  Assimilator  
  21  1:46  Probe  
  22  1:51  Pylon  
  22  1:58  Probe  
  23  2:10  Probe (Chrono Boost)  
  23  2:11  Adept (Chrono Boost)  
  23  2:14  Warp Gate  
  26  2:20  Probe (Chrono Boost)  
  27  2:23  Twilight Council  
  27  2:25  Probe (Chrono Boost)  
  28  2:34  Adept  
  28  2:36  Probe  
  31  2:37  Probe  
  32  2:45  Robotics Facility  
  32  2:48  Probe  
  33  2:53  Probe  
  34  3:00  Probe  
  35  3:06  Probe  
  35  3:08  Gateway  
  35  3:09  Resonating Glaives (Chrono Boost), Gateway  
  36  3:16  Probe  
  38  3:20  Probe  
  38  3:24  Stalker  
  40  3:31  Warp Prism (Chrono Boost)  
  40  3:32  Probe  
  43  3:38  Pylon  
  43  3:41  Probe  
  44  3:48  Assimilator, Probe  
  45  3:53  Probe  
  46  3:58  Dark Shrine  
  46  4:00  Probe  
  47  4:03  Adept x2  
  47  4:05  Adept  
  53  4:11  Probe  
  53  4:13  Pylon  
  53  4:15  Pylon  
  54  4:31  Probe, Adept x3  
  54  4:33  Probe  
  54  4:35  Pylon  
  54  4:36  Assimilator  
  62  4:43  Probe  
  63  4:48  Probe  
  63  4:51  Adept x2  
  63  4:52  Adept  
  70  4:53  Pylon  
  70  4:57  Observer  
  71  5:13  Dark Templar x2  
  75  5:21  Adept  
  75  5:24  Pylon  
  77  5:30  Nexus  
  77  5:32  Pylon  
  73  5:44  Adept  
  73  5:46  Adept x2  
  73  5:49  Immortal (Chrono Boost)  
  75  5:53  Probe x2  
  75  5:55  Blink  
  79  6:06  Probe  
  79  6:07  Robotics Bay  
  79  6:08  Probe  
  81  6:18  Probe  
  81  6:19  Immortal (Chrono Boost)  
  81  6:22  Probe  
  81  6:24  Pylon  
  87  6:30  Probe  
  88  6:34  Probe  
  89  6:42  Probe x2  
  89  6:45  Observer  
  89  6:46  Probe  
  92  6:54  Disruptor (Chrono Boost), Pylon, Probe x2  
  92  6:55  Forge  
  92  6:57  Adept x3  
  92  6:58  Probe  
  92  7:00  Shield Battery  
  105  7:06  Probe  
  105  7:07  Probe  
  107  7:10  Probe  
  107  7:13  Gateway  
  107  7:14  Gateway  
  108  7:17  Gateway  
  108  7:18  Probe  
  108  7:19  Probe  
  108  7:20  Disruptor (Chrono Boost)  
  111  7:22  Probe  
  111  7:25  Stalker x2  
  119  7:31  Probe x2  
  119  7:33  Protoss Ground Weapons Level 1 (Chrono Boost)  
  121  7:39  Probe  
  115  7:44  Probe  
  115  7:49  Disruptor (Chrono Boost)  
  115  7:51  Stalker x3  
  115  7:54  Assimilator  
  115  7:55  Assimilator  
  115  7:56  Photon Cannon  
  111  8:07  Shield Battery  
  111  8:08  Shield Battery  
  111  8:09  Shield Battery  
  111  8:16  Disruptor (Chrono Boost)  
  111  8:17  Stalker x6  
  127  8:33  Pylon  
  125  8:35  Pylon  
  125  8:36  Pylon  
  125  8:42  Stalker x4  
  125  8:44  Pylon  
  133  8:55  Warp Prism (Chrono Boost)  
  133  9:03  Pylon  
  133  9:06  Stalker x6  
  145  9:11  Nexus  
  145  9:23  Disruptor  
  145  9:40  Dark Templar x3  
  145  9:41  Dark Templar  
  145  9:45  Archon, Pylon x2  
  151  9:46  Archon  
  145  9:53  Stalker x2  
Tags
 
Add a new tag
Caveats
  • Supply blocks, unpowered buildings, or Contaminate may cause inaccurate times.
  • Supply counts are checked every 10 seconds.